 Dungeon Crawl Stone Soup version 0.20-a0-947-g2784f4f (webtiles) character file.

3361 Koga the Carver (level 10, -4/90 HPs)
             Began as a Hill Orc Fighter on Apr 3, 2017.
             Was an Initiate of Beogh.
             Slain by a killer bee (6 damage)
             ... on level 8 of the Dungeon.
             The game lasted 00:22:14 (6234 turns).

Koga the Carver (Hill Orc Fighter)                  Turns: 6234, Time: 00:22:15

Health: -4/90      AC: 16    Str: 23    XL:     10   Next: 3%
Magic:  10/10      EV:  7    Int:  8    God:    Beogh [......]
Gold:   329        SH:  9    Dex: 10    Spells: 9/9 levels left

rFire    + . .     SeeInvis .   m - +2 falchion (protect)
rCold    + . .     Gourm    .   c - +0 shield
rNeg     + . .     Faith    .   b - +1 scale mail
rPois    +         Spirit   .   j - +2 hat
rElec    +         Reflect  .   (no cloak)
rCorr    +         Harm     .   (no gloves)
MR       .....                  (no boots)
Stlth    ..........             l - amulet of rage
Regen    0.3/turn               p - ring of positive energy
MPRegen  0.2/turn               q - ring of wizardry

@: exhausted, resistant, protection aura, flying, slowed, very slow
A: no striking features
a: Renounce Religion, Evoke Berserk Rage


You were on level 8 of the Dungeon.
You worshipped Beogh.
Beogh was noncommittal.
You were not hungry.

You visited 1 branch of the dungeon, and saw 7 of its levels.

You collected 329 gold pieces.

Inventory:

Hand Weapons
 m - a +2 falchion of protection (weapon)
Armour
 b - a +1 scale mail (worn)
 c - a +0 shield (worn)
 j - a +2 hat (worn)
Jewellery
 l - an amulet of rage (around neck)
 p - a ring of positive energy (left hand)
 q - a ring of wizardry (right hand)
Wands
 h - a wand of paralysis (9/24)
 r - a wand of paralysis (9/24)
 t - a wand of paralysis (11/24)
 v - a wand of flame (19/48)
 x - a wand of polymorph (11/24)
Scrolls
 a - a scroll of teleportation
 e - 8 scrolls of identify
 o - 2 scrolls of amnesia
 u - a scroll of enchant armour
 w - a scroll of magic mapping
Potions
 d - 2 potions of might
 i - a potion of curing
Books
 y - a book of Necromancy

   Spells                             Type                      Level
   a - Pain                           Necromancy                   1
   b - Animate Skeleton               Necromancy                   1
   c - Vampiric Draining              Necromancy                   3
   d - Regeneration                   Charms/Necromancy            3
   e - Animate Dead                   Necromancy                   4
   f - Control Undead                 Necromancy                   4
 A - a book of Cantrips

   Spells                             Type                      Level
   a - Confusing Touch                Hexes                        1
   b - Animate Skeleton               Necromancy                   1
   c - Summon Small Mammal            Summoning                    1
   d - Apportation                    Translocation                1
Comestibles
 f - 2 bread rations
 g - 2 royal jellies
 n - 8 fruits
 C - a meat ration


   Skills:
 + Level 8.8 Fighting
 + Level 13.0 Long Blades
 - Level 3.2 Armour
 - Level 3.2 Shields


You had 9 spell levels left.
You didn't know any spells.

Dungeon Overview and Level Annotations

Branches:
Dungeon (8/15)
 Temple: D:4-7         Lair: D:8-11

Altars:
Ru
Wu Jian

Shops:
D:6 :   D:8 [


Message History

You miss the killer bee.
The killer bee is severely wounded.
The killer bee stings you but does no damage.
The orc hits you but does no damage. The adder completely misses you.
The steam dragon bites you.
* * * LOW HITPOINT WARNING * * *
The steam dragon claws you but does no damage.
You block the killer bee's attack.
You feel better.
The killer bee stings you but does no damage.
The adder bites you but does no damage. The killer bee stings you!
* * * LOW HITPOINT WARNING * * *
You block the orc's attack.
The steam dragon bites you but does no damage.
You block the steam dragon's attack. The adder bites you but does no damage.
The killer bee stings you but does no damage.
You feel protected. You block the killer bee's attack.
You block the adder's attack. You block the orc's attack.
The killer bee stings you.
You die...

# .# ###.#
#.D.# #@y<#
#So..#
.y.......
..........
?..........
####.....#..
#.....# .
......#


You could see a steam dragon, 2 killer bees, an adder and an orc.

Vanquished Creatures
  Pikel (D:5)
  The ghost of Koga the Cleaver, a novice HOCK of Xom (D:5)
  A hornet (D:7)
  Grinder (D:5)
  A hippogriff (D:8)
  An ice beast (D:6)
  A necrophage (D:7)
  An orc warrior (D:6)
  A sky beast (D:7)
  A slave (D:5)
  A black bear (D:7)
  A phantom (D:7)
  3 ogres
  2 centaurs
  The ghost of kr4n3x the Magician, an amateur DEWz (D:3)
  3 bullfrogs
  A scorpion (D:6)
  A killer bee (D:8)
  2 hounds
  3 orc wizards
  A jelly (D:6)
  3 orc priests
  A gnoll shaman (D:6)
  A bullfrog skeleton (D:6)
  2 iguanas (D:6)
  3 worker ants (D:5)
  A hound skeleton (D:5)
  Robin (D:3)
  A howler monkey skeleton (D:6)
  A worker ant zombie (D:6)
  An adder (D:3)
  3 gnolls (D:6)
  3 shadow imps
  An ooze (D:2)
  6 worms
  3 dart slugs
  10 leopard geckos
  17 orcs
  4 ball pythons
  3 giant cockroaches
  19 goblins
  6 hobgoblins
  11 jackals
  2 quokkas (D:6)
  9 bats
  3 frilled lizards
  5 kobolds
  4 quokka zombies
  8 rats
161 creatures vanquished.

Vanquished Creatures (others)
  A slave (D:5)
  An orc priest (D:7)
  An orc wizard (D:5)
3 creatures vanquished.

Grand Total: 164 creatures vanquished

Notes
Turn   | Place    | Note
-------+----------+-------------------------------------------
     0 | D:1      | Koga the Hill Orc Fighter began the quest for the Orb.
     0 | D:1      | Reached XP level 1. HP: 19/19 MP: 1/1
   240 | D:1      | Reached skill level 3 in Long Blades
   240 | D:1      | Reached XP level 2. HP: 18/26 MP: 2/2
  1034 | D:2      | Reached XP level 3. HP: 24/31 MP: 3/3
  1132 | D:2      | Reached skill level 4 in Long Blades
  1486 | D:2      | Reached XP level 4. HP: 36/39 MP: 4/4
  1818 | D:3      | Found a sacrificial altar of Ru.
  1991 | D:3      | Noticed kr4n3x's ghost (amateur DEWz)
  2001 | D:3      | Killed kr4n3x's ghost
  2001 | D:3      | Reached skill level 5 in Long Blades
  2001 | D:3      | Reached XP level 5. HP: 35/45 MP: 5/5
  2133 | D:3      | Reached skill level 6 in Long Blades
  2195 | D:3      | Reached XP level 6. HP: 44/51 MP: 6/6
  2202 | D:3      | Found a faded altar of an unknown god.
  2471 | D:3      | Noticed Robin
  2478 | D:3      | Killed Robin
  2616 | D:3      | You fall through a shaft for 2 floors!
  2616 | D:5      | Entered Level 5 of the Dungeon
  2616 | D:5      | Noticed Grinder
  2620 | D:5      | Paralysed by Grinder for 5 turns
  2635 | D:5      | Paralysed by Grinder for 3 turns
  2643 | D:5      | Killed Grinder
  2643 | D:5      | Reached skill level 8 in Long Blades
  2643 | D:5      | Reached XP level 7. HP: 30/57 MP: 7/7
  3135 | D:5      | Noticed Koga's ghost (novice HOCK)
  3150 | D:5      | Killed Koga's ghost
  3150 | D:5      | Reached skill level 10 in Long Blades
  3150 | D:5      | Reached XP level 8. HP: 50/64 MP: 8/8
  3381 | D:5      | Noticed Pikel
  3417 | D:5      | Killed Pikel
  3417 | D:5      | Reached skill level 5 in Fighting
  3417 | D:5      | Reached skill level 11 in Long Blades
  4021 | D:5      | Reached XP level 9. HP: 58/74 MP: 9/9
  4339 | D:6      | Reached skill level 12 in Long Blades
  4794 | D:6      | Found Ziolijou's Book Boutique.
  5219 | D:7      | Found an ornate altar of the Wu Jian Council.
  5226 | D:7      | Noticed a hornet
  5242 | D:7      | Paralysed by a hornet for 2 turns
  5246 | D:7      | Paralysed by a hornet for 1 turns
  5253 | D:7      | Killed a hornet
  5544 | D:7      | Became a worshipper of Beogh the Brigand
  6112 | D:8      | Found Heehira's Antique Armour Boutique.
  6206 | D:8      | Noticed a two-headed ogre
  6217 | D:8      | Reached skill level 13 in Long Blades
  6217 | D:8      | Reached XP level 10. HP: 58/90 MP: 10/10
  6228 | D:8      | HP: 2/90 [steam dragon (3)]
  6233 | D:8      | HP: 2/90 [killer bee (8)]
  6234 | D:8      | Slain by a killer bee

Vault maps used:
D:1:      dpeg_arrival_solitude
D:3:      kennysheep_goblin_castle, chequers_ecumenical_altar_simple_redux,
          st_stairs_10, nicolae_ru_path_of_blood
D:5:      first_bread, uniq_pikel, uniq_grinder
D:6:      lemuel_ice_spiral_2, serial_shops, shop, minmay_lizard_king
D:7:      lemuel_crystal_altar
D:8:      serial_shops, nicolae_shop_waterfront, lightli_corner_chamber

Skill      XL: |  1  2  3  4  5  6  7  8  9 |
---------------+----------------------------+-----
Long Blades    | 3 4 5 6 8 10 11 13 | 13.0
Fighting       | 5 8 |  8.8
Armour         | |  3.2
Shields        | |  3.2

Action                   |  1- 3 |  4- 6 |  7- 9 | 10-12 || total
-------------------------+-------+-------+-------+-------++-------
Melee: Long sword        |    51 |       |       |       ||    51
       Falchion          |    60 |   152 |   379 |     7 ||   598
Invok: Convert to Beogh  |       |       |     1 |       ||     1
 Abil: Evoke Berserk Rag |       |     1 |     7 |       ||     8
Evoke: Wand              |       |       |       |     1 ||     1
  Use: Potion            |     4 |     2 |     2 |     7 ||    15
       Scroll            |     2 |     3 |     4 |     1 ||    10
 Stab: Invisible         |       |       |     1 |       ||     1
  Eat: Chunk             |     2 |     4 |     5 |       ||    11
       Meat ration       |       |       |     2 |       ||     2
       Bread ration      |       |       |     1 |       ||     1
Armor: Scale mail        |    58 |    74 |   144 |    39 ||   315
Dodge: Dodged            |    33 |    48 |    67 |    23 ||   171
Block: Shield            |    51 |    73 |   130 |    27 ||   281
       Rpst.: Long sword |    11 |       |       |       ||    11
       Falchion          |     6 |    12 |    14 |     8 ||    40
